 Dungeon Crawl Stone Soup version 0.27-a0-277-g024f7ef292 (webtiles) character file.

Game seed: 811797147812995489

380 Borgoz the Skirmisher (level 6, -13/60 HPs)
             Began as a Gargoyle Berserker on Feb 6, 2021.
             Was a Believer of Trog.
             Mangled by an ogre
             ... wielding a +0 giant club
              (15 damage)
             ... on level 4 of the Dungeon.
             The game lasted 00:04:48 (3638 turns).

Borgoz the Skirmisher (Gargoyle Berserker)          Turns: 3638, Time: 00:04:49

Health: -13/60     AC: 10    Str: 21    XL:     6   Next: 75%
Magic:  6/6        EV: 12    Int:  7    God:    Trog [**....]
Gold:   209        SH:  0    Dex: 11    Spells: 5/5 levels left

rFire    . . .     SeeInvis .   a - +0 mace
rCold    . . .     Faith    .   (no shield)
rNeg     + . .     Spirit   .   e - +0 ring mail
rPois    ∞         Reflect  .   (no helmet)
rElec    +         Harm     .   (no cloak)
rCorr    .         Rampage  .   (no gloves)
Will     .....                  (no boots)
Stlth    ..........             l - amulet of inaccuracy (curse)
HPRegen  0.20/turn              (no ring)
MPRegen  0.10/turn              (no ring)

@: berserking, very quick
A: negative energy resistance 1, electricity resistance, unbreathing,
petrification resistance, miasma immunity, AC +4
a: Renounce Religion, Berserk, Trog's Hand


You were on level 4 of the Dungeon.
You worshipped Trog.
Trog was pleased with you.
You visited 1 branch of the dungeon, and saw 4 of its levels.

You collected 209 gold pieces.

Inventory:

Hand Weapons
 a - a +0 mace (weapon)
Armour
 e - a +0 ring mail (worn)
Jewellery
 l - a cursed amulet of inaccuracy (around neck)
Wands
 d - a wand of flame (12)
Scrolls
 c - 3 scrolls of teleportation
 h - 3 scrolls of enchant weapon {unknown}
 i - a scroll of enchant armour
 j - 2 scrolls of fog
 k - a scroll of immolation {unknown}
Potions
 b - 4 potions of flight
 f - a potion of ambrosia {unknown}


   Skills:
 + Level 4.9 Fighting
 + Level 4.4 Maces & Flails
 + Level 4.2 Armour
 + Level 3.1 Dodging


You had 5 spell levels left.
You didn't know any spells.
Your spell library was empty.

Dungeon Overview and Level Annotations

Branches:
Dungeon (4/15)
 Temple: D:4-7

Altars:


Innate Abilities, Weirdness & Mutations

You are resistant to torment.
Your stone body is resilient. (AC +4)
You are immune to poison.
You resist negative energy. (rN+)
You are resistant to electric shocks. (rElec)
You can survive without breathing.
You are immune to petrification.
You are immune to miasma.


Message History

The ogre closely misses you.
You barely miss the ogre.
The ogre is moderately wounded.
The ogre hits you with a +0 giant club.
You hit the ogre.
The ogre is moderately wounded.
You hit the ogre but do no damage.
The ogre is moderately wounded.
The ogre hits you with a +0 giant club!
You hit the ogre.
The ogre is moderately wounded.
The ogre hits you with a +0 giant club!!
Ouch! That really hurt!
* * * LOW HITPOINT WARNING * * *
You are too injured to fight recklessly!
You are too injured to fight recklessly!
A red film seems to cover your vision as you go berserk!
You feel yourself moving faster!
You feel mighty! The ogre hits you with a +0 giant club!
You die...

#. #. ## .. .## .# ###
#####.###. #..
.......#.## #.#
#........##.## #.#
#.##..@O.....# #.#
#.##..##.##..#
######.####.##..##.##.
#............#........
#.####.####........##.
#.# #.# #>.#.##### #.#
#.# #..#.# #.####.#
#..#.# #.#....# #..#..


You could see an ogre.

Vanquished Creatures
  An ogre (D:4)
  A bullfrog skeleton (D:4)
  2 orc wizards (D:4)
  A worker ant (D:4)
  8 adders
  4 worms (D:2)
  3 dart slugs
  2 leopard geckos
  6 orcs
  10 bats
  4 giant cockroaches
  11 goblins
  14 hobgoblins
  6 jackals
  3 quokkas
  2 ball pythons (D:3)
  2 frilled lizards (D:1)
  9 kobolds
  6 rats
95 creatures vanquished.

Vanquished Creatures (others)
  An orc wizard (D:4)
  A leopard gecko (D:4)
  A plant (D:3)
3 creatures vanquished.

Grand Total: 98 creatures vanquished

Notes
Turn   | Place    | Note
-------+----------+-------------------------------------------
     0 | D:1      | Borgoz the Gargoyle Berserker began the quest for the Orb.
     0 | D:1      | Reached XP level 1. HP: 14/14 MP: 1/1
   204 | D:1      | Reached XP level 2. HP: 18/19 MP: 2/2
  1036 | D:2      | Reached XP level 3. HP: 14/23 MP: 3/3
  1281 | D:2      | Reached ** piety under Trog
  1535 | D:2      | Reached XP level 4. HP: 29/29 MP: 4/4
  2753 | D:3      | Reached XP level 5. HP: 29/33 MP: 5/5
  3425 | D:4      | Reached XP level 6. HP: 16/39 MP: 6/6
  3637 | D:4      | HP: 1/40 [ogre/+0 giant club (24)]
  3638 | D:4      | Mangled by an ogre

Illustrated notes

Levels and vault maps discovered:
D:1:      dpeg_arrival_shrine, layout_loops_ring
D:2:      minmay_chambers_of_twos, layout_basic, item_on_display_a
D:3:      layout_loops_ring, serial_bayou_pond_c
D:4:      layout_loops_ring, uniq_natasha

Skill      XL: |  1  2  3  4  5  6 |
---------------+-------------------+-----
Dodging        | 2 3 |  3.1
Armour         | 3 4 |  4.2
Fighting       | 4 |  4.9
Maces & Flails | 4 |  4.4

Action                   |  1- 3 |  4- 6 || total
-------------------------+-------+-------++-------
Melee: Mace              |   103 |   251 ||   354
Invok: Berserk           |       |     5 ||     5
       Trog's Hand       |       |     2 ||     2
  Use: Scroll            |       |     6 ||     6
       Potion            |       |     1 ||     1
Armor: Animal skin       |    11 |       ||    11
       Ring mail         |    35 |   179 ||   214
Dodge: Dodged            |    68 |   209 ||   277

Table legend: (Time is in decaauts)
 A = Elapsed time spent in this place.
 B = Non-inter-level travel time spent in this place.
 C = Inter-level travel time spent in this place.
 D = Time resting spent in this place.
 E = Time spent auto-exploring this place.
 F = Levels seen in this place.
 G = Mean time per level.
                   A        B        C        D        E       F      G
               +--------+--------+--------+--------+--------+-----+--------+
         Total |   3748 |   3638 |    110 |    489 |   2331 |   4 |  937.0 |
       Dungeon |   3748 |   3638 |    110 |    489 |   2331 |   4 |  937.0 |
               +--------+--------+--------+--------+--------+-----+--------+

Top non-repeatable levels by time:
     D:2: 1679 daAuts
     D:1: 1041 daAuts
     D:3: 711 daAuts
     D:4: 316 daAuts
